 Dungeon Crawl Stone Soup version 0.23.0-3-gf3c87f2 (webtiles) character file.

Game seed: 13968692604311353252

4 Borgoz the Sneak (level 1, -2/14 HPs)
             Began as a Ghoul Enchanter on Feb 25, 2019.
             Slain by a kobold
             ... wielding a +3 short sword of draining
              (5 damage)
             ... on level 1 of the Dungeon.
             The game lasted 00:00:50 (117 turns).

Borgoz the Sneak (Ghoul Enchanter)                   Turns: 117, Time: 00:00:50

Health: -2/14      AC:  2    Str: 11    XL:     1   Next: 60%
Magic:  1/2        EV: 12    Int: 10    God:
Gold:   0          SH:  0    Dex:  9    Spells: 2/3 levels left

rFire    . . .     SeeInvis .   (no weapon)
rCold    + . .     Gourm    .   (no shield)
rNeg     + + +     Faith    .   b - +0 robe
rPois    ∞         Spirit   .   (no helmet)
rElec    .         Reflect  .   (no cloak)
rCorr    .         Harm     .   (no gloves)
MR       .....                  (no boots)
Stlth    ++........             (no amulet)
HPRegen  0.00/turn              (no ring)
MPRegen  0.08/turn              (no ring)

@: rotting
A: rotting body, claws 1, carnivore, cold resistance 1, negative energy
resistance 3, inhibited regeneration, torment resistance, unbreathing
a: no special abilities


You were on level 1 of the Dungeon.
You were not hungry.

You visited 1 branch of the dungeon, and saw 1 of its levels.

Inventory:

Armour
 b - a +0 robe (worn)
Comestibles
 a - 6 chunks of flesh
 d - a ration


   Skills:
 + Level 0.2 Fighting
   Level 0.8 Short Blades
 + Level 1.8 Dodging
 - Level 3.2 Stealth
 + Level 0.2 Unarmed Combat
 - Level 1.7 Spellcasting
 * Level 2.5 Hexes


You had 2 spell levels left.
You knew the following spells:

 Your Spells              Type           Power        Failure   Level  Hunger
a - Corona                Hex            #......      12%         1    ##.....

Your spell library contained the following spells:

 Spells                   Type           Power        Failure   Level  Hunger
 Ensorcelled Hibernation  Hex/Ice        #.....       28%         2    ###....
 Confuse                  Hex            #.......     34%         3    ####...
 Tukima's Dance           Hex            #.......     34%         3    ####...
 Dazzling Spray           Conj/Hex       #.....       50%         3    ####...


Dungeon Overview and Level Annotations

Branches:
Dungeon (1/15)

Altars:


Innate Abilities, Weirdness & Mutations

Your body is rotting away.
You thrive on raw meat.
You are immune to poison.
You have sharp fingernails.
You are carnivorous and can eat meat at any time.
Your flesh is cold resistant. (rC+)
You are immune to negative energy. (rN+++)
You do not regenerate when monsters are visible.
You are immune to unholy pain and torment.
You can survive without breathing.


Message History

The bat closely misses you.
The kobold throws a stone.
The stone hits you.
You see here a stone.
The bat barely misses you.
The kobold throws a stone.
The stone misses you.
The stone hits the bat.
The bat dies!
The kobold throws a stone.
The stone hits you.
You see here 2 stones.
The hobgoblin shouts!
A rat comes into view.
Casting: Corona (safe; 12% risk of failure)
Confirm with . or Enter, or press ? or * to list all spells.
Aiming: Corona (safe; 12% risk of failure)
Press: ? - help, Shift-Dir - straight line, f - kobold
Aim: a kobold, wielding a +3 short sword of draining (chance to defeat MR: 56%)
The kobold is outlined in light.
The kobold hits you with a +3 short sword of draining.
* * * LOW HITPOINT WARNING * * *
You completely miss the kobold.
The kobold hits you with a +3 short sword of draining.
You die...

#. ... #. .. #.###.####.
#.......... #..........
##############.....(....
...........##....K....r#
##.........##.#(@g##
#.........##.#(...#
#.........##....#.#
#.........#.(..#)....
#...........#..#......
######...#.....#.......
######..#..##.........
###..........###........
.......................


You could see a hobgoblin, a kobold and a rat.

Vanquished Creatures
  A hobgoblin (D:1)
  A bat (D:1)
  2 kobolds (D:1)
  A rat (D:1)
5 creatures vanquished.

Vanquished Creatures (others)
  A bat (D:1)
1 creature vanquished.

Grand Total: 6 creatures vanquished

Notes
Turn   | Place    | Note
-------+----------+-------------------------------------------
     0 | D:1      | Borgoz the Ghoul Enchanter began the quest for the Orb.
     0 | D:1      | Reached XP level 1. HP: 14/14 MP: 2/2
   117 | D:1      | Slain by a kobold

Action                   || total
-------------------------++-------
Melee: Unarmed           ||    19
 Cast: Corona            ||     2
 Stab: Sleeping          ||     1
Armor: Robe              ||     2
Dodge: Dodged            ||    19
